Map: Eternal Empire LE

Players

PercocetPeng

  • Race: Protoss Protoss
  • League: Diamond
  • Spawn Location: 1:00

ViBE - Winner!

  • Race: Terran Terran
  • League: Diamond
  • Spawn Location: 7:00

VOD

Have the link to the VOD?

Description

Time

  • Played on: Dec. 17, 2019, 10:22 p.m.
  • Length: 17:42
Show
View Real Time Build Order
Export as new Build Order

PercocetPeng Protoss 

Build Orders: 1 Gate Expand, Double Forge 

Get SALT Encoding   

  12  0:02  Probe  
  13  0:14  Probe  
  13  0:20  Pylon  
  14  0:26  Probe  
  15  0:38  Probe (Chrono Boost), Gateway  
  16  0:49  Probe (Chrono Boost), Assimilator  
  17  0:54  Probe (Chrono Boost)  
  18  1:04  Probe  
  19  1:16  Probe  
  20  1:29  Probe  
  20  1:31  Nexus  
  21  1:41  Cybernetics Core  
  21  1:46  Probe  
  22  1:48  Assimilator  
  22  1:54  Pylon  
  22  2:06  Probe  
  23  2:15  Stalker (Chrono Boost)  
  23  2:18  Probe, Warp Gate  
  26  2:28  Pylon  
  26  2:30  Probe  
  26  2:33  Robotics Facility  
  27  2:42  Probe  
  27  2:46  Probe  
  27  2:49  Stalker  
  30  2:57  Probe (Chrono Boost)  
  30  2:58  Probe (Chrono Boost)  
  32  3:10  Probe x2 (Chrono Boost)  
  34  3:26  Probe (Chrono Boost)  
  36  3:31  Probe (Chrono Boost)  
  36  3:34  Forge  
  36  3:36  Probe (Chrono Boost), Forge  
  36  3:37  Observer (Chrono Boost)  
  36  3:38  Twilight Council  
  38  3:41  Probe (Chrono Boost)  
  38  3:44  Sentry  
  41  3:50  Probe  
  41  3:51  Observer (Chrono Boost)  
  43  3:58  Assimilator  
  43  4:01  Protoss Ground Weapons Level 1 (Chrono Boost)  
  43  4:02  Assimilator  
  43  4:05  Probe  
  43  4:06  Probe  
  45  4:17  Probe  
  45  4:18  Probe  
  47  4:25  Stalker  
  47  4:29  Probe, Charge (Chrono Boost)  
  47  4:30  Probe  
  51  4:39  Observer  
  51  4:41  Probe  
  51  4:42  Probe  
  53  4:49  Gateway  
  53  4:51  Gateway  
  53  4:52  Gateway  
  53  4:54  Probe  
  54  5:02  Pylon  
  54  5:03  Pylon  
  54  5:06  Pylon  
  54  5:10  Robotics Bay  
  54  5:18  Pylon  
  54  5:20  Probe x2  
  56  5:24  Protoss Ground Armor Level 1 (Chrono Boost)  
  56  5:32  Probe x2  
  56  5:33  Stalker  
  60  5:44  Probe x2  
  60  5:45  Nexus  
  62  5:51  Sentry x2  
  62  5:54  Protoss Ground Weapons Level 2 (Chrono Boost)  
  62  5:56  Probe x2  
  68  5:57  Observer  
  68  6:02  Blink  
  68  6:04  Zealot x2  
  68  6:08  Probe x2  
  68  6:10  Shield Battery  
  75  6:20  Colossus (Chrono Boost)  
  75  6:21  Probe x2  
  82  6:31  Zealot  
  82  6:32  Zealot  
  86  6:36  Pylon  
  85  6:50  Extended Thermal Lance  
  85  6:53  Pylon  
  85  6:55  Probe x2  
  87  7:02  Probe, Pylon  
  87  7:07  Probe x2  
  90  7:09  Zealot x4  
  98  7:17  Pylon  
  98  7:21  Templar Archives  
  98  7:22  Protoss Ground Armor Level 2 (Chrono Boost)  
  98  7:25  Warp Prism (Chrono Boost)  
  98  7:26  Probe  
  98  7:27  Probe x2  
  103  7:33  Robotics Facility  
  103  7:39  Probe x2  
  105  7:46  Assimilator  
  105  7:49  Assimilator  
  105  7:54  Stalker x4  
  105  7:56  Pylon  
  105  7:58  Psionic Storm  
  113  8:02  Pylon  
  113  8:09  Gateway  
  113  8:12  Gateway  
  113  8:14  Gateway  
  113  8:17  Gateway  
  113  8:19  Colossus (Chrono Boost)  
  113  8:25  High Templar x2  
  122  8:39  Probe  
  122  8:40  Probe  
  124  8:52  Nexus  
  124  8:54  Pylon  
  124  8:56  Pylon, Observer  
  124  8:57  Colossus  
  124  8:58  Pylon  
  124  9:01  Pylon  
  124  9:02  Pylon  
  130  9:03  Stalker  
  130  9:05  Stalker  
  130  9:06  Pylon  
  134  9:14  Pylon  
  134  9:19  Pylon  
  134  9:20  Stalker  
  134  9:21  Stalker x4  
  144  9:32  Stargate  
  144  9:36  Protoss Ground Weapons Level 3 (Chrono Boost), Pylon  
  144  9:38  Pylon  
  144  9:42  Stalker x3  
  150  9:48  Photon Cannon  
  150  10:00  Probe x3  
  152  10:13  Nexus  
  142  10:26  Zealot x4  
  142  10:27  Zealot x3  
  112  10:40  Stalker  
  112  10:41  Probe x3  
  115  10:45  Shield Battery  
  115  10:47  Shield Battery  
  115  10:49  Zealot x2  
  119  10:50  Assimilator, Zealot x4  
  119  10:53  Probe  
  119  10:54  Assimilator  
  124  11:07  Pylon  
  124  11:09  Colossus (Chrono Boost)  
  126  11:19  Colossus (Chrono Boost)  
  126  11:20  Protoss Ground Armor Level 3 (Chrono Boost)  
  126  11:21  High Templar x5  
  126  11:24  Probe x3  
  139  11:43  Probe x4  
  139  11:44  Stalker  
  139  11:45  Stalker x2  
  135  11:57  Archon x2  
  116  12:03  Zealot x4  
  120  12:09  Colossus x2 (Chrono Boost)  
  125  12:23  Probe x4  
  125  12:27  Zealot x2  
  125  12:28  Zealot x6  
  144  12:35  Probe x3, Photon Cannon  
  147  12:37  Photon Cannon  
  147  12:41  Protoss Shields Level 1 (Chrono Boost), Shield Battery  
  147  12:55  Stalker x3  
  147  12:56  Stalker x5  
  142  13:31  Stalker x2  
  142  13:32  Zealot x2, Stalker x2  
  142  13:33  Zealot x2  
  97  13:47  Immortal x2  
  100  13:55  Zealot x4  
  104  13:59  High Templar  
  104  14:00  High Templar x3  
  116  14:03  Archon  
  116  14:05  Archon  
  116  14:06  Nexus  
  116  14:09  Pylon  
  116  14:10  Pylon  
  116  14:17  High Templar x4  
  118  14:21  Archon x2  
  113  14:51  Protoss Shields Level 2 (Chrono Boost)  
  109  15:02  Stalker x2  
  109  15:03  Stalker x2  
  109  15:07  Nexus  
  117  15:23  High Templar x4  
  117  15:27  Archon x2  
  125  15:36  Assimilator  
  125  15:41  Assimilator  
  121  15:50  Stalker x3  
  113  16:05  Nexus  
  113  16:34  Pylon  
  113  16:35  High Templar x2  
  117  16:41  Assimilator  
  117  16:53  Pylon  
  117  16:54  Pylon  
Show
View Real Time Build Order
Export as new Build Order

ViBE Terran - Winner!

Build Orders: Reaper Expand 

Get SALT Encoding   

  12  0:01  SCV  
  13  0:13  SCV  
  14  0:18  Supply Depot  
  14  0:25  SCV  
  15  0:40  SCV  
  15  0:42  Barracks  
  16  0:46  Refinery  
  16  0:52  SCV  
  17  1:04  SCV  
  18  1:18  SCV  
  19  1:32  Reaper  
  21  1:34  Orbital Command  
  20  1:46  Command Center  
  20  2:01  SCV  
  21  2:07  Supply Depot  
  21  2:14  SCV  
  22  2:18  Barracks  
  22  2:22  Barracks Reactor  
  22  2:26  SCV  
  23  2:38  SCV  
  24  2:49  Factory  
  24  2:50  SCV  
  25  2:52  Refinery  
  25  3:01  Supply Depot  
  25  3:02  SCV, Orbital Command  
  26  3:14  SCV  
  27  3:25  Barracks Tech Lab  
  27  3:27  Marine x2, SCV  
  29  3:35  Factory Reactor, Starport  
  29  3:38  Bunker  
  29  3:39  SCV  
  30  3:41  SCV  
  30  3:46  Marauder  
  33  3:50  Marine  
  33  3:51  Marine, SCV  
  33  3:54  SCV  
  37  3:55  Stimpack  
  37  4:03  SCV  
  37  4:06  SCV  
  37  4:08  Engineering Bay  
  39  4:13  Marauder  
  39  4:15  SCV  
  42  4:18  SCV  
  42  4:22  Marine x2  
  45  4:27  SCV  
  45  4:30  SCV  
  47  4:33  Medivac x2  
  47  4:37  Marauder  
  53  4:39  SCV  
  53  4:42  SCV  
  53  4:43  Marine x2, Supply Depot x2  
  57  4:52  Supply Depot  
  57  4:54  SCV x2  
  61  5:00  Marine, Marauder  
  61  5:04  Marine  
  61  5:06  Command Center  
  63  5:29  Marine  
  63  5:30  Marine, Marauder  
  63  5:32  SCV x2  
  63  5:33  Terran Infantry Weapons Level 1  
  69  5:36  Refinery  
  69  5:37  Refinery  
  69  5:38  Combat Shield  
  69  5:44  Barracks  
  69  5:45  Barracks  
  69  5:47  Marine x2  
  71  5:51  Marauder  
  71  5:54  SCV  
  71  5:55  SCV  
  75  6:04  Medivac  
  75  6:05  Medivac  
  75  6:07  SCV x2  
  81  6:14  Marine x2, Marauder  
  85  6:19  SCV x2  
  85  6:23  Command Center  
  87  6:31  SCV x2  
  89  6:37  Orbital Command  
  89  6:43  SCV x2  
  89  6:44  Barracks Reactor, Barracks Tech Lab, Liberator x2  
  89  6:46  Marine x2, Marauder  
  95  6:49  Engineering Bay  
  95  6:53  Armory  
  100  7:06  SCV  
  101  7:22  SCV x2, Supply Depot  
  103  7:23  Concussive Shells, Supply Depot x2  
  103  7:24  Supply Depot, Marauder  
  103  7:26  Marauder  
  103  7:28  Marine x2  
  109  7:35  SCV x2  
  111  7:40  Terran Infantry Armor Level 1  
  111  7:41  Terran Infantry Weapons Level 2  
  111  7:55  Command Center  
  111  7:56  Marine x4, Marauder x2  
  111  7:58  SCV x3  
  122  8:08  Refinery  
  122  8:09  Refinery  
  122  8:10  Liberator x2  
  122  8:16  Barracks x2  
  122  8:18  Barracks  
  122  8:19  Marine x3, Barracks, Marauder  
  127  8:20  Marine, Marauder  
  129  8:30  Planetary Fortress  
  134  8:54  Marine x4, Marauder x2  
  142  8:57  SCV  
  142  8:58  SCV x2  
  142  9:00  Supply Depot x2  
  142  9:02  Supply Depot x2  
  145  9:04  Supply Depot  
  79  9:17  Liberator  
  145  9:21  SCV x3  
  145  9:22  SCV  
  149  9:26  Barracks Reactor  
  149  9:27  Barracks Reactor, Barracks Tech Lab x2  
  149  9:31  Marine x4, Marauder  
  149  9:32  Starport, Marauder  
  160  9:49  Marine x4, Medivac  
  160  9:52  Marine x2  
  166  9:57  Terran Infantry Armor Level 2  
  166  9:59  Marauder  
  172  10:00  SCV x3, Marauder  
  172  10:01  SCV  
  176  10:11  Marauder x2  
  176  10:12  SCV x3  
  183  10:19  Liberator x2  
  183  10:21  Marauder  
  151  10:32  Marine x7, Marauder x3  
  151  10:33  Marine  
  151  10:35  Starport Reactor  
  158  10:42  Marauder  
  160  10:45  Command Center  
  160  10:51  SCV x3  
  160  10:54  Marauder x2  
  167  10:58  Planetary Fortress  
  167  11:12  Sensor Tower  
  167  11:17  Sensor Tower  
  167  11:20  Marine  
  167  11:21  Marine x7, Marauder x4  
  167  11:22  Medivac x4  
  191  11:30  Sensor Tower  
  191  11:38  Marine  
  191  11:39  Marine  
  193  11:43  Liberator x2  
  193  11:45  Liberator  
  182  11:59  Marine x8, Marauder x4  
  169  12:17  Marine x7  
  169  12:20  Marauder x4  
  169  12:21  Marine  
  177  12:23  Terran Infantry Weapons Level 3  
  177  12:24  Terran Ship Weapons Level 1  
  177  12:25  Terran Infantry Armor Level 3  
  173  12:31  Barracks  
  173  12:32  Barracks  
  173  12:33  Barracks  
  173  12:35  Barracks  
  173  12:41  Marauder  
  175  12:45  Marine x2, Marauder x3  
  183  12:54  Command Center  
  183  13:03  Marauder  
  185  13:06  Marine, Marauder  
  185  13:07  Marine x7, Marauder x2  
  185  13:10  SCV  
  200  13:20  Liberator  
  200  13:21  Liberator x2  
  200  13:22  Liberator  
  200  13:24  Marauder  
  180  13:28  Marauder x3  
  167  13:34  Marine  
  167  13:35  Marine x7  
  167  13:36  Barracks Reactor, Barracks Tech Lab x2  
  167  13:37  Barracks Reactor  
  185  13:46  Marauder  
  187  13:49  Marauder x3  
  193  14:07  Marauder  
  195  14:11  Marauder x2  
  195  14:14  SCV  
  173  14:59  Marine x12, Marauder x6  
  197  15:01  Medivac  
  199  15:17  Marine  
  200  15:22  Planetary Fortress  
  200  15:28  Refinery  
  200  15:29  Command Center  
  200  15:32  Refinery  
  200  15:33  Command Center  
  200  15:34  Command Center  
  200  15:35  Command Center  
  200  15:37  Command Center  
  200  15:38  Command Center  
  200  15:42  Command Center  
  181  15:54  Marine x7, Marauder x6  
  183  16:13  Marine  
  183  16:14  Marine x11  
  183  16:15  Marauder x4  
  200  16:47  Refinery  
  200  16:48  Orbital Command x3  
  200  16:49  Refinery, Orbital Command x2  
  200  16:50  Orbital Command  
Tags
 
Add a new tag
Caveats
  • Supply blocks, unpowered buildings, or Contaminate may cause inaccurate times.
  • Supply counts are checked every 10 seconds.